 Dungeon Crawl Stone Soup version 0.32-a0-329-ge6c31236d6 (webtiles) character file.

Game seed: 5387737545009920373

16 AlmostDecent the Shield-Bearer (level 2, 25/26 HPs)
             Began as a Mountain Dwarf Fighter on Feb 16, 2024.
             Was a Follower of Elyvilon.
             Quit the game on level 1 of the Dungeon.
             The game lasted 00:01:00 (169 turns).

AlmostDecent the Shield-Bearer (MDFi)                Turns: 169, Time: 00:01:00

Health: 25/26      AC:  6    Str: 18    XL:     2   Next: 37%
Magic:  2/2        EV:  9    Int:  8    God:    Elyvilon [*.....]
Gold:   0          SH:  4    Dex:  9    Spells: 1/1 levels left

rFire   . . .        a - +0 war axe
rCold   . . .        c - +0 buckler
rNeg    . . .        b - +0 scale mail
rPois   .            (no helmet)
rElec   .            (no cloak)
rCorr   .            (no gloves)
SInv    .            (no boots)
Will    .....        (no amulet) Stlth
                     (no ring)
HPRegen 0.24/turn    (no ring)
MPRegen 0.08/turn

%: no passive effects
@: no status effects
A: runic magic, artefact enchanting
a: Renounce Religion, Purification


You were on level 1 of the Dungeon.
You worshipped Elyvilon.
Elyvilon was aware of your devotion.
You visited 1 branch of the dungeon, and saw 1 of its levels.

Inventory:

Hand Weapons
 a - a +0 war axe (weapon)
Armour
 b - a +0 scale mail (worn)
 c - a +0 buckler (worn)
Scrolls
 e - 3 scrolls of teleportation {unknown}
 g - a scroll of amnesia {unknown}
 h - a scroll of revelation {unknown}
Potions
 d - a potion of might
 f - a potion of brilliance {unknown}


   Skills:
 + Level 3.5 Fighting
 * Level 2.5 Axes
 + Level 3.6 Armour
 + Level 3.6 Shields


You had one spell level left.
You didn't know any spells.
Your spell library contained the following spells:

 Spells                   Type           Power      Damage    Failure   Level
 Cigotuvi's Dreadful Rot  Necr/Alch/Air  0%         N/A       73%         2
 Ignite Poison            Fire/Alch      0%         N/A       100%        4
 Freezing Cloud           Conj/Ice/Air   0%         6-21      100%        5


Dungeon Overview and Level Annotations

Branches:
Dungeon (1/15)

Altars:
Elyvilon


Innate Abilities, Weirdness & Mutations

Your spellcasting is much less encumbered by armour.
You can use scrolls of enchantment on lesser artefacts.


Message History

The frilled lizard bites you. The jackal barely misses you.
You slash the jackal!
You kill the jackal!
You hit the frilled lizard.
You kill the frilled lizard!
You see here a jackal corpse.
You closely miss the frilled lizard. The frilled lizard bites you.
You barely miss the frilled lizard. You block the frilled lizard's attack.
The frilled lizard misses you.
You barely miss the frilled lizard. The frilled lizard barely misses you.
You barely miss the frilled lizard. You block the frilled lizard's attack.
You miss the frilled lizard. The frilled lizard closely misses you.
The frilled lizard barely misses you.
You closely miss the frilled lizard. You block the frilled lizard's attack.
You barely miss the frilled lizard.
The frilled lizard bites you but does no damage. x2
You closely miss the frilled lizard.
The frilled lizard bites you but does no damage.
You closely miss the frilled lizard. The frilled lizard barely misses you.
You miss the frilled lizard. The frilled lizard closely misses you.
The frilled lizard barely misses you.
You closely miss the frilled lizard. The frilled lizard barely misses you.
You barely miss the frilled lizard.
The frilled lizard bites you but does no damage.
You hit the frilled lizard.
You kill the frilled lizard!
h - a scroll labelled IKKEPYOFEY
e - 3 scrolls labelled AJUMEA UZONO (gained 1)
You see here a jackal corpse.
There is a dry fountain here.
A frilled lizard and a dart slug come into view.
The frilled lizard hisses angrily.
The dart slug launches a dart at you. The slug dart hits you.
There is a faded altar of an unknown god here.
This altar belongs to (a) Beogh, (b) Hepliaklqana or (c) Elyvilon, but you can't tell which.
Press the corresponding letter to learn more about a god, or press enter to convert or escape to cancel.
Elyvilon accepts your prayer! Elyvilon welcomes you!
You can now purify yourself.
Are you sure you want to abandon this character and quit the game? (Confirm with "yes".)

......# #.#.#.#.....#
......#.#.#.#.#.....#
......#.#.#.#.#.....#
......#.#.#...#††...+
.####.#.#.#...#.....#
...##.#.#.#...#.....+
...##.#.#.....⌠.⌠...###
...##.#...............#
...##.#.......⌠.@.⌠+#+#
...##.#.##..............
...##.#'##......⌠.......
...#.......#######.l....
...#........... ......
...#......##### .w....
##........... ......
###.......## .....
........#


You could see a dart slug and a frilled lizard.

Vanquished Creatures
  An endoplasm (D:1)
  A goblin (D:1)
  3 jackals (D:1)
  3 frilled lizards (D:1)
  A rat (D:1)
9 creatures vanquished.

Notes
Turn   | Place    | Note
-------+----------+-------------------------------------------
     0 | D:1      | AlmostDecent the Mountain Dwarf Fighter began the quest for
                  | the Orb.
     0 | D:1      | Reached XP level 1. HP: 19/19 MP: 1/1
   123 | D:1      | Found a faded altar of an unknown god.
   133 | D:1      | Reached XP level 2. HP: 26/26 MP: 2/2
   168 | D:1      | Prayed at the altar of an unknown god.
   168 | D:1      | Became a worshipper of Elyvilon the Healer
   168 | D:1      | Reached * piety under Elyvilon
   169 | D:1      | Quit the game

Illustrated notes

Levels and vault maps discovered:
D:1:      minmay_arrival_split_and_join, layout_basic,
          hellmonk_ecumenical_altar_run_dry

Action                     || total
---------------------------++-------
  Melee: War axe           ||    38
 Armour: Scale mail        ||    31
  Dodge: Dodged            ||    20
  Block: Buckler           ||     6

Table legend: (Time is in decaauts)
 A = Elapsed time spent in this place.
 B = Non-inter-level travel time spent in this place.
 C = Inter-level travel time spent in this place.
 D = Time resting spent in this place.
 E = Time spent auto-exploring this place.
 F = Levels seen in this place.
 G = Mean time per level.
                   A        B        C        D        E       F      G
               +--------+--------+--------+--------+--------+-----+--------+
         Total |    185 |    185 |      0 |      0 |     96 |   1 |  185.0 |
       Dungeon |    185 |    185 |      0 |      0 |     96 |   1 |  185.0 |
               +--------+--------+--------+--------+--------+-----+--------+

Top non-repeatable levels by time:
     D:1: 185 daAuts
